 Dungeon Crawl Stone Soup version 0.30.1-11-g7821555f0a (webtiles) character file.

Game seed: 14470758065581075473

73769 Lutefisk the Stormcaller (level 15, -21/85 (92) HPs)
             Began as a Tengu Air Elementalist on Oct 28, 2023.
             Was a High Priest of Sif Muna.
             Demolished by a bunyip (32 damage)
             ... on level 3 of the Lair of Beasts.
             The game lasted 02:23:55 (14352 turns).

Lutefisk the Stormcaller (Tengu Air Elementalist)  Turns: 14352, Time: 02:23:55

HP:   -21/85 (92)   AC:  9    Str:  9    XL:     15   Next: 44%
MP:   39/39         EV: 19    Int: 20    God:    Sif Muna [*****.]
Gold: 378           SH: 12    Dex: 20    Spells: 15/34 levels left

rFire   . . .        F - staff of air
rCold   . . .        i - +0 kite shield {reflect}
rNeg    . . .        I - +1 troll leather armour {Snorg}
rPois   .            (helmet restricted)
rElec   +            y - +0 cloak
rCorr   .            Z - +0 pair of fencer's gloves {Riposte Dex+3}
SInv    +            (boots unavailable)
Will    +....        (no amulet)
Stlth   +++          Q - ring of see invisible
HPRegen 1.14/turn    N - ring of magical power
MPRegen 0.26/turn

%: reflection
@: about to teleport, flying quickly and evasively, slowed, drained, very slow
A: beak, talons 3, nimble flight
a: Renounce Religion, Channel Magic, Forget Spell, Divine Exegesis


You were on level 3 of the Lair of Beasts.
You worshipped Sif Muna.
Sif Muna was extremely pleased with you.
You visited 6 branches of the dungeon, and saw 26 of its levels.
You also visited: Volcano.

You collected 2166 gold pieces.
You spent 1788 gold pieces at shops.

Inventory:

Hand Weapons
 g - a +0 dagger of electrocution
 u - a +2 quick blade of flaming
 K - a +2 scimitar of flaming
 Y - a +4 glaive of pain
Missiles
 B - 38 poisoned darts (quivered)
 G - a throwing net
 H - 5 curare-tipped darts
Armour
 i - a +0 kite shield of reflection (worn)
 y - a +0 cloak (worn)
 C - a scarf of invisibility
 I - a +1 troll leather armour (worn) {Snorg}
 L - +0 acid dragon scales
 Z - the +0 pair of fencer's gloves (worn) {Riposte Dex+3}
   (You bought it in a shop on level 2 of the Orcish Mines)

   Riposte:   It allows the wearer to riposte with melee weapons, swiftly
   retaliating against missed or blocked melee attacks.
   Dex:       It affects your dexterity (+3).
Magical Staves
 F - a staff of air (weapon)
Jewellery
 s - a ring of ice
 v - a ring of fire
 N - a ring of magical power (right hand)
 Q - a ring of see invisible (left hand)
 T - a ring of resist corrosion
Wands
 o - a wand of quicksilver (20)
 w - a wand of iceblast (11)
 x - a wand of polymorph (11)
 M - a wand of digging (8)
 S - a wand of charming (4)
 V - a wand of flame (20)
Scrolls
 a - 4 scrolls of magic mapping
 c - 10 scrolls of teleportation
 e - 2 scrolls of fear
 j - 3 scrolls of blinking
 k - 4 scrolls of amnesia
 l - 2 scrolls of torment
 n - 3 scrolls of brand weapon
 p - a scroll of acquirement {unknown}
 q - 3 scrolls of fog
 r - 3 scrolls of vulnerability
 z - 6 scrolls of enchant armour
 A - 6 scrolls of poison
 E - 2 scrolls of summoning {unknown}
 J - 7 scrolls of enchant weapon
 O - 2 scrolls of immolation
Potions
 b - 2 potions of magic
 d - 3 potions of cancellation
 f - 5 potions of heal wounds
 h - 2 potions of ambrosia
 m - a potion of might
 t - 3 potions of resistance
 D - a potion of attraction
 P - a potion of experience {unknown}
 R - a potion of invisibility {unknown}
 U - 2 potions of mutation {unknown}
 W - 3 potions of haste
 X - a potion of curing


   Skills:
 - Level 10.0 Fighting
 - Level 3.0 Staves
 - Level 1.0 Throwing
 - Level 8.0 Armour
 * Level 10.1 Dodging
 - Level 4.0 Stealth
 - Level 10.0 Shields
 - Level 10.0 Spellcasting
 - Level 14.0 Conjurations
 - Level 2.0 Summonings
 - Level 1.0 Necromancy
 - Level 15.0 Air Magic
 - Level 5.0 Invocations
 - Level 4.0 Evocations


You had 15 spell levels left.
You knew the following spells:

 Your Spells              Type           Power      Damage    Failure   Level
a - Shock                 Conj/Air       100%       1d9       1%          1
b - Static Discharge      Conj/Air       100%       2-7/arc   1%          2
c - Swiftness             Air            81%        N/A       1%          3
d - Airstrike             Air            40%        2d(6-22)  1%          4
e - Arcjolt               Conj/Air       40%        1d50      1%          5
f - Summon Lightning Spi  Summ/Air       60%        N/A       9%          4

Your spell library contained the following spells:

 Spells                   Type           Power      Damage    Failure   Level
 Momentum Strike          Conj/Tloc      76%        3d10      2%          2
 Dazzling Flash           Conj/Hex       76%        N/A       4%          3
 Summon Small Mammal      Summ           72%        N/A       13%         1
 Flame Wave               Conj/Fire      38%        2d10      16%         4
 Iskenderun's Mystic Bla  Conj/Tloc      38%        2d9       16%         4
 Sticky Flame             Conj/Fire      38%        2d6       16%         4
 Necrotise                Necr           56%        1d6       19%         1
 Apportation              Tloc           20%        N/A       28%         1
 Sandblast                Erth           20%        2d7       28%         1
 Ensorcelled Hibernation  Hex/Ice        20%        N/A       41%         2
 Irradiate                Conj/Tmut      19%        3d18      41%         5
 Orb of Destruction       Conj           30%        9d10      61%         7
 Inner Flame              Hex/Fire       10%        N/A       65%         3
 Ozocubu's Armour         Ice            10%        N/A       65%         3
 Volatile Blastmotes      Fire/Tloc      20%        2d11      65%         3
 Animate Armour           Summ/Erth      28%        N/A       88%         4
 Plasma Beam              Fire/Air       28%        2x1d44    90%         6
 Iron Shot                Conj/Erth      19%        9d4       94%         6
 Starburst                Conj/Fire      19%        6d7       94%         6
 Blade Hands              Tmut           5%         N/A       100%        5
 Borgnjor's Vile Clutch   Necr/Erth      6%         N/A       100%        5
 Simulacrum               Ice/Necr       6%         N/A       100%        6
 Ozocubu's Refrigeration  Ice            5%         4d8       100%        7
 Polar Vortex             Ice            5%         N/A       100%        9


Dungeon Overview and Level Annotations

Branches:
Dungeon (15/15)            Temple (1/1) D:6            Lair (5/5) D:10
  Swamp (1/4) Lair:3       Spider (2/4) Lair:2          Orc (2/2) D:10
    Elf (0/3) Orc:2       Volcano (visited)
  Slime: Lair:4-5    Vaults: D:13-14     Depths: D:15

Altars:
Ashenzari
Cheibriados
Dithmenos
Elyvilon
Fedhas
Gozag
Hepliaklqana
Kikubaaqudgha
Makhleb
Nemelex Xobeh
Okawaru
Qazlal
Ru
Sif Muna
Trog
Uskayaw
Vehumet
Wu Jian
Xom
Yredelemnul
Zin
The Shining One

Shops:
D:2 ?(   D:6 *   D:8 *[   Orc:2 =[(*[=[?

Annotations:
D:4 Eustachio, Grinder
D:8 1 transporter, exclusion: statue
D:9 3 runed translucent doors, Nedac819's ghost, journeyman GrGl
Lair:2 3 runed translucent doors, pkoi's ghost, journeyman DrMo


Innate Abilities, Weirdness & Mutations

You have a beak for a mouth.
You have claws for feet.
Your magical nature lets you fly swiftly and evasively.


Message History

You start to feel a little slower.
You feel sluggish.
Magic restored.
There is a stone staircase leading down here.
You see here a poisoned dart.
You fly downwards.
There is a stone staircase leading up, spattered with blood here.
You start to feel a little faster.
There is a staircase to the Swamp here.
You start waiting.
You no longer feel sluggish.
You fly downwards.
Welcome back to the Swamp!
This branch is noisy: sounds don't travel as far here.
This branch contains the decaying rune of Zot.
A will-o-the-wisp comes into view.
The alligator completely misses you.
You riposte.
You hit the alligator but do no damage.
The alligator is electrocuted.
You claw the alligator.
The alligator is lightly wounded.
You block the alligator's attack. The bog body casts a spell at you.
You feel yourself slow down. You block the alligator's attack.
The alligator barely misses you.
There is a staircase back to the Lair, spattered with blood here.
The bunyip completely misses you. The bunyip claws you. The bunyip claws you!!
The alligator misses you.
You riposte.
You hit the alligator but do no damage.
The alligator is electrocuted!
You peck the alligator, but do no damage.
The alligator is moderately wounded.
The alligator closely misses you. x2; You block the alligator's attack.
You fly upwards.
Welcome back to the Lair of Beasts!
There is a staircase to the Swamp here.
As you read the scroll of teleportation, it crumbles to dust.
You feel strangely unstable. The alligator bites you!!
The alligator tail-slaps you but does no damage.
Unknown command.
The bunyip attacks as you move away! The bunyip claws you!!
* * * LOW HITPOINT WARNING * * *
You block the bunyip's attack. The bunyip claws you!!
You die...

.....................
...............##.... ....
.##.....<..##..#...P# .#..# .
........<.......♣...# .... ...
.#.........##.♣♣≈♣..# #..#. ....
.##........##.♣≈≈≈♣§# ##... #...
.##..........≈♣≈§§§♣ ##...# #...
.#...........♣≈~t§§♣♣≈##..####...
.....##.....♣≈§§@§§§≈###.........
..#..###...##♣§§§x≈≈..##.........
.P...####.....§§§≈~≈.............
......##....#.♣≈≈♣♣..............
.....####..##..♣≈≈≈≈####.........
.....# ##..##..≈♣..## #..........
.>...###...##..≈#..# #..........
...........#...#...## ##.........
....................# #.........


You could see a bunyip and an alligator.

Vanquished Creatures
  Nessos (Orc:2)
  A bunyip (Swamp:1)
  An ettin (Orc:1)
  Snorg (Lair:5)
  Josephine (Spider:1)
  5 hydras
  A vault guard (D:14)
  Erica (Lair:1)
  3 two-headed ogres
  An alligator (Swamp:1)
  2 centaur warriors
  A boulder beetle (D:14)
  A tengu warrior (D:13)
  4 orc high priests
  Urug (D:11)
  A hell knight (Volcano)
  Sonja (Orc:2)
  Nergalle (D:11)
  A salamander mystic (Volcano)
  Amaemon (D:11)
  A fire crab (shapeshifter) (D:14)
  2 skysharks (Lair:4)
  Lodul (D:11)
  A goliath frog (Swamp:1)
  A bog body (Swamp:1)
  Pikel (D:5)
  3 orc knights
  4 ugly things
  A deep elf pyromancer (D:12)
  5 orc sorcerers (Orc:2)
  2 cyclopes
  4 elephants
  A moth of wrath (Spider:1)
  3 salamanders (Volcano)
  4 black mambas
  A demonic crawler (Spider:1)
  A torpor snail (Lair:2)
  Maggie (D:6)
  22 cane toads
  A smoke demon (D:13)
  A gargoyle (D:14)
  3 orange demons
  5 rime drakes
  An unseen horror (D:12)
  A tengu conjurer (D:13)
  An efreet (D:14)
  3 komodo dragons
  3 polar bears
  A hornet (D:9)
  5 trolls
  5 tarantellas (Spider:1)
  18 blink frogs
  5 dream sheep (Lair:4)
  4 jumping spiders
  4 culicivoras
  A vampire (D:12)
  30 yaks
  4 wraiths
  5 fire bats (Volcano)
  3 basilisks
  5 vampire mosquitoes
  4 steam dragons
  Grum (Lair:1)
  3 redbacks (Spider:1)
  2 acid dragons
  12 water moccasins
  A black bear (Lair:3)
  An ice beast (D:8)
  19 orc warriors
  11 ogres
  10 wolves
  4 centaurs
  A phantom (D:5)
  Blork the orc (D:4)
  8 kobold brigands
  A gnoll sergeant (D:9)
  16 bullfrogs
  A wight (D:9)
  A killer bee (D:9)
  A nameless horror (Spider:1)
  A vampire bat (Orc:1)
  8 electric eels
  2 howler monkeys (D:11)
  8 lava snakes (Volcano)
  2 jellies
  9 orc priests
  A gnoll bouda (Orc:1)
  2 hounds
  5 iguanas
  10 orc wizards
  A killer bee simulacrum (D:9)
  9 gnolls
  4 adders
  2 white imps
  An ufetubus (D:5)
  4 worms
  4 dart slugs
  39 orcs
  8 endoplasms
  4 giant cockroaches
  13 goblins
  4 hobgoblins
  6 jackals
  26 kobolds
  4 quokkas
  7 ball pythons
  14 bats
  A frilled lizard (D:2)
  2 rats (D:1)
497 creatures vanquished.

Vanquished Creatures (collateral kills)
  An entropy weaver (Lair:2)
  2 radroaches (Spider:1)
  An orb spider (Spider:2)
  A steelbarb worm (Spider:1)
  An orc knight (Orc:2)
  A wolf spider (Spider:1)
  5 tarantellas
  A culicivora (Spider:2)
  A wyvern (Lair:2)
  A wraith (Spider:1)
  4 redbacks
  A lava snake (Volcano)
20 creatures vanquished.

Vanquished Creatures (others)
  2 ugly things (D:14)
  2 fire bats (Volcano)
  A redback (Spider:1)
  An orc warrior (Orc:2)
6 creatures vanquished.

Grand Total: 523 creatures vanquished

Notes
Turn   | Place    | Note
-------+----------+-------------------------------------------
     0 | D:1      | Lutefisk the Tengu Air Elementalist began the quest for the
                  | Orb.
     0 | D:1      | Reached XP level 1. HP: 10/10 MP: 4/4
    82 | D:1      | Reached skill level 1 in Fighting
    95 | D:1      | Reached XP level 2. HP: 13/16 MP: 1/6
   221 | D:2      | Reached XP level 3. HP: 22/22 MP: 3/7
   340 | D:1      | Learned a level 2 spell: Static Discharge
   533 | D:2      | Found an iron altar of Okawaru.
   558 | D:2      | Reached XP level 4. HP: 28/28 MP: 4/8
   582 | D:2      | Found Fazxoj's Magic Scroll Emporium.
   593 | D:2      | Bought a scroll of teleportation for 33 gold pieces
   751 | D:2      | Found Detiokk's Weapon Emporium.
   803 | D:3      | Reached skill level 1 in Armour
  1163 | D:4      | Gained mutation: Your magical nature lets you fly swiftly
                  | and evasively. [Tengu growth]
  1163 | D:4      | Reached XP level 5. HP: 27/32 MP: 5/9
  1308 | D:4      | Learned a level 3 spell: Swiftness
  1352 | D:4      | Reached skill level 5 in Air Magic
  1366 | D:4      | Found a sacrificial altar of Ru.
  1483 | D:4      | Reached XP level 6. HP: 25/37 MP: 8/10
  1504 | D:4      | Noticed Grinder
  1534 | D:4      | Noticed Blork the orc
  1552 | D:4      | Killed Blork the orc
  1553 | D:4      | Reached skill level 6 in Air Magic
  1585 | D:5      | Entered Level 5 of the Dungeon
  1634 | D:4      | Noticed Eustachio
  1710 | D:5      | Reached skill level 1 in Evocations
  1725 | D:5      | Reached XP level 7. HP: 37/43 MP: 1/12
  1730 | D:5      | Learned a level 4 spell: Airstrike
  1737 | D:5      | Identified the +2 robe of the Loofah {rN+ rCorr}
  1871 | D:6      | Found a staircase to the Ecumenical Temple.
  1874 | D:6      | Noticed Pikel
  1900 | D:5      | Killed Pikel
  1901 | D:5      | Reached skill level 8 in Air Magic
  1901 | D:5      | Reached skill level 5 in Fighting
  1901 | D:5      | Reached XP level 8. HP: 14/49 MP: 4/13
  1918 | Temple   | Entered the Ecumenical Temple
  2032 | Temple   | Became a worshipper of Sif Muna the Loreminder
  2211 | D:6      | Reached skill level 5 in Conjurations
  2436 | D:6      | Found Bklerch's Bounteous Boutique.
  2453 | D:6      | Reached skill level 1 in Staves
  2654 | D:6      | Noticed Maggie
  2713 | D:6      | Killed Maggie
  2714 | D:6      | Reached skill level 9 in Air Magic
  2740 | D:6      | Reached skill level 10 in Air Magic
  2779 | D:6      | Reached XP level 9. HP: 48/55 MP: 3/14
  3209 | D:8      | Found a transporter.
  3210 | D:8      | Found Uquyg's Antique Armour Emporium.
  3273 | D:8      | Reached * piety under Sif Muna
  3283 | D:8      | Found a sparkling altar of Nemelex Xobeh.
  3304 | D:8      | Found an opulent altar of Gozag.
  3305 | D:8      | Found a glowing silver altar of Zin.
  3429 | D:8      | Reached skill level 1 in Invocations
  3670 | D:8      | Reached skill level 5 in Dodging
  3705 | D:8      | Found a radiant altar of Vehumet.
  3718 | D:8      | Found Lakuus's General Store.
  3734 | D:8      | Bought a scroll of identify for 24 gold pieces
  3770 | D:9      | Noticed a hornet
  3776 | D:9      | Killed a hornet
  3777 | D:9      | Reached skill level 5 in Armour
  3777 | D:9      | Reached XP level 10. HP: 57/60 MP: 6/17
  3848 | D:9      | Found a runed translucent gate.
  3848 | D:9      | Found a runed translucent gate.
  3848 | D:9      | Found a runed translucent gate.
  3857 | D:9      | Noticed Nedac819's ghost (journeyman GrGl)
  3858 | D:9      | Found a faded altar of an unknown god.
  4087 | D:9      | Noticed a two-headed ogre
  4095 | D:9      | Reached skill level 11 in Air Magic
  4105 | D:9      | HP: 3/60 [bullfrog (2)]
  4326 | D:10     | Entered Level 10 of the Dungeon
  4335 | D:10     | Found a staircase to the Orcish Mines.
  4340 | D:10     | Reached ** piety under Sif Muna
  4352 | Orc:1    | Entered Level 1 of the Orcish Mines
  4419 | D:10     | Found a glowing golden altar of the Shining One.
  4428 | D:10     | Found a basalt altar of Yredelemnul.
  4430 | D:10     | Noticed a profane servitor
  4474 | D:10     | Found a staircase to the Lair.
  4503 | Lair:1   | Entered Level 1 of the Lair of Beasts
  4553 | Lair:1   | Reached skill level 12 in Air Magic
  4653 | Lair:1   | Noticed a cane toad
  4660 | Lair:1   | Killed a cane toad
  4661 | Lair:1   | Reached skill level 5 in Spellcasting
  4722 | Lair:2   | Noticed a cane toad
  4809 | Lair:1   | Noticed Grum
  4900 | Lair:1   | Killed Grum
  4977 | Lair:1   | Noticed Erica
  4981 | Lair:1   | Killed Erica
  4982 | Lair:1   | Reached XP level 11. HP: 64/64 MP: 3/20
  4990 | Lair:1   | Found an ancient bone altar of Kikubaaqudgha.
  5303 | Lair:2   | Found a runed translucent gate.
  5306 | Lair:2   | Found a runed translucent gate.
  5372 | Lair:2   | Found a runed translucent gate.
  5447 | Lair:2   | Found a hole to the Spider Nest.
  5968 | Lair:3   | Reached skill level 1 in Throwing
  6020 | Lair:2   | Noticed pkoi's ghost (journeyman DrMo)
  6021 | Lair:2   | Noticed a spectral death yak
  6233 | Lair:3   | Found a staircase to the Swamp.
  6250 | Lair:3   | Reached skill level 10 in Dodging
  6257 | Lair:3   | Noticed a death yak
  6280 | Lair:3   | Reached *** piety under Sif Muna
  6355 | Lair:3   | Reached XP level 12. HP: 37/70 MP: 1/22
  6467 | Lair:3   | Reached skill level 13 in Air Magic
  6563 | Lair:4   | Noticed a five-headed hydra
  6567 | Lair:4   | Killed a five-headed hydra
  6621 | Lair:4   | Noticed a skyshark
  6632 | Lair:4   | Killed a skyshark
  6633 | Lair:4   | Reached skill level 14 in Air Magic
  6793 | Lair:4   | Noticed a skyshark
  6799 | Lair:4   | Killed a skyshark
  6800 | Lair:4   | Reached skill level 5 in Invocations
  6994 | Lair:4   | Noticed an eight-headed hydra
  7008 | Lair:4   | Killed an eight-headed hydra
  7054 | Lair:4   | Found a dark tunnel.
  7059 | Volcano  | Entered a volcano
  7403 | Volcano  | Noticed a hell knight
  7475 | Volcano  | Killed a hell knight
  7751 | Volcano  | Found a burning altar of Makhleb.
  7850 | Lair:5   | Entered Level 5 of the Lair of Beasts
  7942 | Lair:5   | Reached **** piety under Sif Muna
  7965 | Lair:5   | Reached XP level 13. HP: 48/78 MP: 11/24
  8400 | Lair:5   | Reached skill level 10 in Conjurations
  9182 | Orc:1    | Noticed an ettin
  9286 | D:10     | Found a broken altar of Ashenzari.
  9596 | D:11     | Reached ***** piety under Sif Muna
  9605 | D:11     | Noticed Nergalle
  9610 | D:11     | Killed Nergalle
  9722 | D:11     | Noticed Lodul
  9726 | D:11     | Killed Lodul
  9737 | D:11     | Noticed Urug
  9808 | D:11     | Received a gift from Sif Muna
  9874 | D:11     | Noticed Amaemon
  9930 | D:11     | Killed Urug
  9998 | D:11     | Killed Amaemon
 10055 | D:11     | Reached skill level 10 in Fighting
 10374 | D:13     | You are sucked into a shaft and drop 1 floor!
 10474 | D:14     | Reached XP level 14. HP: 59/88 MP: 20/27
 10507 | D:15     | Entered Level 15 of the Dungeon
 10638 | D:14     | Reached skill level 15 in Air Magic
 10731 | D:14     | Found a shadowy altar of Dithmenos.
 10987 | D:13     | Reached skill level 1 in Shields
 11839 | Orc:1    | Received a gift from Sif Muna
 11840 | Orc:1    | Got Sif Muna's Guide on the Fulgent Nimbus {god gift}
 11850 | Orc:1    | Learned a level 5 spell: Arcjolt
 12237 | Orc:2    | Entered Level 2 of the Orcish Mines
 12237 | Orc:2    | Noticed Sonja
 12239 | Orc:2    | Killed Sonja
 12240 | Orc:2    | Reached skill level 5 in Shields
 12279 | Orc:2    | Found Zogurir's Jewellery Shoppe.
 12307 | Orc:2    | Found Ynueme's Magic Scroll Boutique.
 12308 | Orc:2    | Noticed Nessos
 12335 | Orc:2    | Killed Nessos
 12357 | Orc:2    | Bought 3 scrolls of teleportation for 135 gold pieces
 12357 | Orc:2    | Bought a scroll of fog for 60 gold pieces
 12381 | Orc:2    | Found Kisavejo's Antique Armour Shoppe.
 12631 | Orc:2    | Found Wehan's Weapon Shop.
 12729 | Orc:2    | Found Paqaqoso's Antique Armour Shop.
 12729 | Orc:2    | Found Zauth's Jewellery Shop.
 12730 | Orc:2    | Found Noudax's General Store.
 12730 | Orc:2    | Found Tetuirog's Antique Armour Shoppe.
 12759 | Orc:2    | Bought the +0 pair of fencer's gloves {Riposte Dex+3} for
                  | 1280 gold pieces
 12759 | Orc:2    | Found the +0 pair of fencer's gloves {Riposte Dex+3}
 12771 | Orc:2    | Bought a runed scarf for 256 gold pieces
 12935 | Orc:2    | Found a staircase to the Elven Halls.
 13103 | Swamp:1  | Entered Level 1 of the Swamp
 13256 | Lair:5   | Reached XP level 15. HP: 86/92 MP: 9/28
 13292 | Lair:5   | Noticed Snorg
 13316 | Lair:5   | Killed Snorg
 13383 | Lair:5   | Reached skill level 10 in Shields
 13448 | Lair:5   | Got the Catalogue of Solid Firn
 13453 | Lair:5   | Identified the +0 troll leather armour of Disguise {Regen+
                  | Slay+2}
 13583 | Spider:1 | Entered Level 1 of the Spider Nest
 13710 | Spider:1 | Received a gift from Sif Muna
 13722 | Spider:1 | Learned a level 4 spell: Summon Lightning Spire
 13838 | Spider:1 | Reached skill level 1 in Summonings
 13838 | Spider:1 | Reached skill level 1 in Necromancy
 13938 | Spider:1 | Noticed Josephine
 14248 | Spider:1 | Reached skill level 10 in Spellcasting
 14248 | Spider:1 | Killed Josephine
 14278 | Spider:2 | Noticed an emperor scorpion
 14352 | Lair:3   | Demolished by a bunyip

Illustrated notes

Levels and vault maps discovered:
D:1:      grunt_arrival_crossed_arrows, layout_rooms
D:2:      layout_basic, basic_altar, serial_shops, shop, shop,
          minmay_misc_feat_x
D:3:      layout_loops_cross
D:4:      layout_gridville, nicolae_ru_path_of_blood, uniq_grinder,
          uniq_blork_the_orc, uniq_eustachio
D:5:      layout_basic
D:6:      layout_basic, minmay_temple_entry_mini_moons, nicolae_alphabet_shops,
          uniq_pikel, uniq_maggie
D:7:      layout_gridville, minmay_misc_feat_square
D:8:      layout_basic, grunt_temple_overflow_gold_and_silver,
          nemelex_spade_bored_becter, vehumet_statue, serial_shops,
          nicolae_shop_drivethru, shop, shop, minmay_fractal_squares_5
D:9:      nzn_winding_woodlands_cross [nzn_winding_woodlands_5x15_eye,
          nzn_winding_woodlands_5x15_split_checker,
          nzn_winding_woodlands_5x15_concentric,
          nzn_winding_woodlands_5x15_pathside_ponds,
          nzn_winding_woodlands_15x15_eel_pit], layout_cave_pods,
          gammafunk_ghost_spectres, serial_column_ruins,
          column_ruins_temple_circle, column_ruins_circle_small,
          column_ruins_grid_4, column_ruins_grid_3, column_ruins_grid_1,
          column_ruins_open_tiny, column_ruins_open_small, column_ruins_grid_1,
          column_ruins_grid_1, dreamdust_princess_bridge
D:10:     layout_roguey, mainiacjoe_overflow_surrounded_room,
          grunt_temple_overflow_holy_war, grunt_lair_entry_orc_guard_hut,
          david_orc_2
D:11:     layout_loops_ring, uniq_nergalle, uniq_amaemon, uniq_lodul, uniq_urug
D:12:     layout_basic
D:13:     layout_loops_ring, serial_demonic, serial_demonic_c, serial_demonic_d,
          serial_demonic_e, serial_demonic_e
D:14:     layout_roguey, grunt_vaults_entry_fortified,
          nicolae_dithmenos_shadow_blocks
D:15:     grunt_enter_depths_magical_seal, layout_small_grid, tso_metal_star
Temple:   eino_narrow_crystal_temple
Lair:1:   layout_cave_pods, basic_altar, serial_bayou_shore_a,
          infiniplex_staircase_pool_2, grunt_megastairs_3, uniq_grum, uniq_erica
Lair:2:   layout_regular_city, spider_nest_entry_web_field,
          gammafunk_ghost_necromancy, chequers_serial_rivers_room_b
Lair:3:   layout_long_grid, swamp_mist_pool, serial_bayou_shore_b
Lair:4:   layout_roguey, dpeg_slime_entry_enclosed, nicolae_volcano_entry_s_turn
Lair:5:   minmay_lair_end_frog_pond, layout_regular_city, uniq_snorg
Swamp:1:  layout_basic_swamp, infiniplex_staircase_pool, swamp_pool4
Spider:1: layout_chambers, beargit_elvish_explorers, uniq_josephine
Spider:2: layout_spider_delve, drop_trap, nicolae_spider_cling_halls
Orc:1:    layout_caves, roderic_batcave, led_sif_book
Orc:2:    st_orc_elflike, layout_caves, serial_shops,
          nicolae_shop_pleasant_corner_grove, shop, shop, shop, mines1_david,
          uniq_sonja, uniq_nessos

Skill      XL: |  1  2  3  4  5  6  7  8  9 10 11 12 13 14 15 |
---------------+----------------------------------------------+-----
Fighting       | 1 2 3 4 5 6 8 10 | 10.0
Conjurations   | 2 3 4 5 6 7 8 12 14 | 14.0
Armour         | 1 2 3 5 6 8 |  8.0
Stealth        | 3 4 |  4.0
Air Magic      | 5 6 8 10 12 14 15 | 15.0
Evocations     | 1 2 3 4 |  4.0
Spellcasting   | 3 4 5 6 7 8 10 | 10.0
Dodging        | 3 5 6 10 | 10.1
Staves         | 2 3 |  3.0
Invocations    | 2 3 4 5 |  5.0
Throwing       | 1 |  1.0
Shields        | 9 10 | 10.0
Summonings     | 2 |  2.0
Necromancy     | 1 |  1.0

Action                     |  1- 3 |  4- 6 |  7- 9 | 10-12 | 13-15 || total
---------------------------+-------+-------+-------+-------+-------++-------
  Melee: Dagger            |    41 |    42 |     7 |       |       ||    90
         Kick              |    12 |    12 |    15 |    40 |   145 ||   224
         Peck              |     9 |     7 |    14 |    22 |    96 ||   148
         Unarmed           |     2 |       |       |       |       ||     2
         Staff             |       |       |    39 |   123 |   292 ||   454
         Punch             |       |       |       |     1 |       ||     1
  Throw: Dart              |       |       |       |    12 |    11 ||    23
   Cast: Shock             |    37 |    68 |    59 |    60 |    55 ||   279
         Static Discharge  |       |     5 |    10 |    64 |   105 ||   184
         Airstrike         |       |       |    21 |   149 |   218 ||   388
         Swiftness         |       |       |       |     2 |     3 ||     5
         Arcjolt           |       |       |       |       |    11 ||    11
         Summon Lightning  |       |       |       |       |    15 ||    15
 Invoke: Channel Magic     |       |       |       |       |     3 ||     3
  Evoke: Wand              |       |       |     3 |     7 |    17 ||    27
    Use: Scroll            |       |     1 |     8 |    13 |     7 ||    29
         Potion            |       |       |     3 |     1 |     2 ||     6
   Stab: Sleeping          |     1 |     1 |       |       |       ||     2
 Armour: Robe              |    22 |       |    28 |    39 |    12 ||   101
         Leather armour    |       |     8 |       |       |       ||     8
         Troll leather arm |       |       |       |       |   102 ||   102
  Dodge: Dodged            |    35 |    30 |    77 |   266 |   604 ||  1012
  Block: Kite shield       |       |       |       |       |   152 ||   152
Riposte: Staff             |       |       |       |       |    78 ||    78
